 Dungeon Crawl Stone Soup version 0.21-a0-157-gb89e0e2 (webtiles) character file.

19 Goblin1989 the Vexing (level 2, -3/22 HPs)
             Began as a Demonspawn Enchanter on Aug 4, 2017.
             Slain by an adder (5 damage)
             ... on level 2 of the Dungeon.
             The game lasted 00:03:02 (912 turns).

Goblin1989 the Vexing (Demonspawn Enchanter)         Turns: 912, Time: 00:03:03

Health: -3/22      AC:  2    Str:  8    XL:     2   Next: 55%
Magic:  0/5        EV: 12    Int: 16    God:
Gold:   55         SH:  0    Dex: 13    Spells: 4/5 levels left

rFire    . . .     SeeInvis .   a - +1 dagger
rCold    . . .     Gourm    .   (no shield)
rNeg     . . .     Faith    .   b - +0 robe
rPois    .         Spirit   .   (no helmet)
rElec    .         Reflect  .   (no cloak)
rCorr    .         Harm     .   (no gloves)
MR       .....                  (no boots)
Stlth    ++........             (no amulet)
HPRegen  0.07/turn              (no ring)
MPRegen  0.09/turn              (no ring)

@: lethally poisoned (-3 -> -10)
A: powered by pain 1
a: no special abilities


You were on level 2 of the Dungeon.
You were not hungry.

You visited 1 branch of the dungeon, and saw 2 of its levels.

You collected 55 gold pieces.

Inventory:

Hand Weapons
 a - a +1 dagger (weapon)
Missiles
 h - 55 stones (quivered)
 n - 14 sling bullets
Armour
 b - a +0 robe (worn)
 i - a +0 plate armour
 j - a +0 scale mail
 s - a cursed +0 ring mail
Scrolls
 f - a scroll of fear {unknown}
 g - 3 scrolls of identify {unknown}
 m - a scroll of teleportation {unknown}
 p - 3 scrolls of noise {unknown}
 q - a scroll of remove curse {unknown}
Potions
 l - a potion of agility {unknown}
 t - a potion of curing {unknown}
Books
 c - a book of Maledictions

   Spells                             Type                      Level
   a - Corona                         Hexes                        1
   b - Ensorcelled Hibernation        Hexes/Ice                    2
   c - Confuse                        Hexes                        3
   d - Tukima's Dance                 Hexes                        3
   e - Dazzling Spray                 Conjuration/Hexes            3
Comestibles
 e - a bread ration {@e1}
 r - 6 chunks of flesh


   Skills:
 + Level 2.2 Fighting
 - Level 0.8 Short Blades
 - Level 1.7 Dodging
 - Level 2.6 Stealth
 - Level 2.0 Spellcasting
 - Level 3.0 Hexes


You had 4 spell levels left.
You knew the following spells:

 Your Spells              Type           Power        Failure   Level  Hunger
a - Corona                Hex            ##.....      6%          1    #......


Dungeon Overview and Level Annotations

Branches:
Dungeon (2/15)

Altars:

Annotations:
D:2 1 runed door


Innate Abilities, Weirdness & Mutations

You sometimes gain a little power by taking damage.


Message History

The adder hisses angrily.
Throwing (i - inventory):
h - 58 stones (quivered)
Press: ? - help, Shift-Dir - straight line, f/p - adder
Aim: an adder You throw a stone.
The stone misses the adder.
Throwing (i - inventory):
h - 57 stones (quivered)
Press: ? - help, Shift-Dir - straight line, f/p - adder
Aim: an adder You throw a stone.
The stone hits the adder but does no damage.
Throwing (i - inventory):
h - 56 stones (quivered)
Press: ? - help, Shift-Dir - straight line, f/p - adder
Aim: an adder You throw a stone.
The stone barely misses the adder.
You closely miss the adder. The adder bites you. The adder closely misses you.
You take 2 damage, and have 20/22 hp.
You miss the adder. The adder bites you.
You take 1 damage, and have 19/22 hp.
You hit the adder.
The adder is lightly wounded.
The adder closely misses you.
You hit the adder.
The adder is moderately wounded.
The adder barely misses you.
Casting: Corona
Confirm with . or Enter, or press ? or * to list all spells.
Aiming: Corona
Press: ? - help, Shift-Dir - straight line, f/p - adder
Aim: an adder (moderately wounded, chance to defeat MR: 55%)
The adder struggles to resist.
The adder barely misses you. The adder bites you but does no damage.
You now have 4/5 mp.
You hit the adder.
The adder is heavily wounded.
The adder bites you.
You are poisoned.
The adder poisons you!
You take 2 damage, and have 17/22 hp.
Casting: Corona
Confirm with . or Enter, or press ? or * to list all spells.
Aiming: Corona
Press: ? - help, Shift-Dir - straight line, f/p - adder
Aim: an adder (heavily wounded, chance to defeat MR: 55%)
The adder struggles to resist.
You feel sick. The adder bites you.
You are more poisoned.
The adder poisons you!
You take 3 damage, and have 14/22 hp.
You now have 3/5 mp.
Casting: Corona
Confirm with . or Enter, or press ? or * to list all spells.
Aiming: Corona
Press: ? - help, Shift-Dir - straight line, f/p - adder
Aim: an adder (heavily wounded, chance to defeat MR: 55%)
The adder struggles to resist.
You feel sick. The adder barely misses you.
You take 1 damage, and have 13/22 hp.
You now have 2/5 mp.
You closely miss the adder.
The adder is heavily wounded.
The adder bites you.
You are more poisoned.
The adder poisons you! The adder bites you.
* * * LOW HITPOINT WARNING * * *
You take 4 damage, and have 9/22 hp.
You barely miss the adder.
The adder is heavily wounded.
* * * LOW HITPOINT WARNING * * *
You feel sick. The adder barely misses you.
You take 1 damage, and have 8/22 hp.
You miss the adder.
The adder is heavily wounded.
* * * LOW HITPOINT WARNING * * *
You feel sick. The adder bites you but does no damage.
You take 1 damage, and have 7/22 hp.
Unknown command.
Casting: Corona
Confirm with . or Enter, or press ? or * to list all spells.
Aiming: Corona
Press: ? - help, Shift-Dir - straight line, f/p - adder
Aim: an adder (heavily wounded, chance to defeat MR: 55%)
The adder struggles to resist.
* * * LOW HITPOINT WARNING * * *
You feel sick. The adder barely misses you.
You take 1 damage, and have 6/22 hp.
You now have 1/5 mp.
Casting: Corona
Confirm with . or Enter, or press ? or * to list all spells.
Aiming: Corona
Press: ? - help, Shift-Dir - straight line, f/p - adder
Aim: an adder (heavily wounded, chance to defeat MR: 55%)
The adder is outlined in light.
The adder bites you.
* * * LOW HITPOINT WARNING * * *
The adder barely misses you.
You take 3 damage, and have 3/22 hp.
You now have 0/5 mp.
You hit the adder.
The adder is heavily wounded.
* * * LOW HITPOINT WARNING * * *
You feel sick. The adder bites you but does no damage.
You take 1 damage, and have 2/22 hp.
You hit the adder.
The adder is severely wounded.
* * * LOW HITPOINT WARNING * * *
You feel sick. The adder bites you.
You die... █████████

█.......█ █.......█
█.......██ █.
█........█ ...
█........████ ..█
█...........██████..█.
█.......██...@S..S(..(
██████████..███......(
██.███......█
█.....███.(.
██.██.██████
█..█....█████
███████<..........
██...÷...█.........
█..█████..........


You could see 2 adders.

Vanquished Creatures
  A leopard gecko (D:1)
  2 giant cockroaches
  2 goblins
  3 hobgoblins
  3 kobolds (D:1)
  2 bats (D:1)
  3 rats (D:1)
16 creatures vanquished.

Notes
Turn   | Place    | Note
-------+----------+-------------------------------------------
     0 | D:1      | Goblin1989 the Demonspawn Enchanter began the quest for the Orb.
     0 | D:1      | Reached XP level 1. HP: 13/13 MP: 3/3
   151 | D:1      | Reached skill level 1 in Fighting
   356 | D:1      | Gained mutation: You sometimes gain a little power by taking damage. [demonic ancestry]
   356 | D:1      | Reached XP level 2. HP: 15/21 MP: 5/5
   695 | D:1      | You fall through a shaft!
   695 | D:2      | Found a runed door.
   912 | D:2      | Slain by an adder

Vault maps used:
D:1:      dpeg_arrival_lava_temple_mockup
D:2:      minmay_item_behind_shaft, trog_butcher_becter, uniq_jessica,
          uniq_crazy_yiuf_cottage

Skill      XL: |  1  2 |
---------------+-------+-----
Fighting       | 1 2 |  2.2
Short Blades   | |  0.8
Dodging        | |  1.7
Stealth        | |  2.6
Spellcasting   | |  2.0
Hexes          | |  3.0

Action                   || total
-------------------------++-------
Melee: Dagger            ||    67
Throw: Stone             ||     4
 Cast: Corona            ||     5
 Stab: Sleeping          ||     2
Armor: Robe              ||    12
Dodge: Dodged            ||    34

Vault maps used:
D:1:      dpeg_arrival_lava_temple_mockup
D:2:      minmay_item_behind_shaft, trog_butcher_becter, uniq_jessica,
          uniq_crazy_yiuf_cottage
